 Dungeon Crawl Stone Soup version 0.25.1-2-g60ff931df9 (webtiles) character file.

Game seed: 11544135755701216735

2977 diana the Skirmisher (level 9, -2/73 HPs)
             Began as a Demonspawn Gladiator on Sept 8, 2020.
             Was a Believer of Okawaru.
             Slain by a cyclops (19 damage)
             ... on level 8 of the Dungeon.
             The game lasted 00:13:54 (8614 turns).

diana the Skirmisher (Demonspawn Gladiator)         Turns: 8614, Time: 00:13:54

Health: -2/73      AC:  8    Str: 18    XL:     9   Next: 53%
Magic:  0/9        EV: 19    Int: 10    God:    Okawaru [**....]
Gold:   293        SH:  0    Dex: 14    Spells: 8/8 levels left

rFire    . . .     SeeInvis .   I - +2 scimitar (flame)
rCold    . . .     Gourm    .   (no shield)
rNeg     . . .     Faith    .   b - +0 leather armour
rPois    +         Spirit   +   c - +1 helmet
rElec    .         Reflect  .   (no cloak)
rCorr    .         Harm     .   l - +0 pair of gloves
MR       .....                  (no boots)
Stlth    +++.......             C - amulet of magic regeneration
HPRegen  0.22/turn              u - ring of poison resistance
MPRegen  0.47/turn              H - +4 ring of slaying

@: heroism
A: repulsion field 1, powered by death 3, magic shield, magic regeneration
a: Heroism, Renounce Religion


You were on level 8 of the Dungeon.
You worshipped Okawaru.
Okawaru was pleased with you.
You were not hungry.

You visited 2 branches of the dungeon, and saw 9 of its levels.
You also visited: Sewer.

You collected 293 gold pieces.

Inventory:

Hand Weapons
 e - the +6 dagger of Dishonour {vorpal, rElec}
   (You found it on level 4 of the Dungeon)

   It inflicts extra damage upon your enemies.
   It insulates you from electricity.
 I - a +2 scimitar of flaming (weapon)
Missiles
 d - 6 throwing nets (quivered)
Armour
 b - a +0 leather armour (worn)
 c - a +1 helmet (worn)
 l - a +0 pair of gloves (worn)
Jewellery
 u - a ring of poison resistance (left hand)
 x - an uncursed ring of protection from magic
 C - an amulet of magic regeneration (around neck)
 F - an uncursed amulet of the acrobat
 H - a +4 ring of slaying (right hand)
Wands
 t - a wand of flame (20)
 v - a wand of paralysis (10)
Scrolls
 h - a scroll of enchant armour
 i - a scroll of immolation
 j - 3 scrolls of amnesia
 k - 2 scrolls of fear
 o - 2 scrolls of magic mapping
 q - 4 scrolls of remove curse
 r - 3 scrolls of teleportation
 s - 2 scrolls of identify {unknown}
 w - 2 scrolls of enchant weapon
 y - 2 scrolls of fog {unknown}
 E - a scroll of brand weapon {unknown}
Potions
 m - a potion of flight {unknown}
 n - 2 potions of degeneration
 p - 2 potions of curing
 z - a potion of haste
 A - a potion of ambrosia {unknown}
 B - a potion of brilliance {unknown}
 D - a potion of heal wounds {unknown}
 G - a potion of mutation {unknown}
Comestibles
 f - 9 rations
 g - 9 chunks of flesh


   Skills:
 + Level 7.7(12.7) Fighting
 + Level 7.3(12.3) Long Blades
 - Level 1.7(6.7) Throwing
 + Level 6.7(11.7) Armour
 - Level 4.0(9.0) Dodging


You had 8 spell levels left.
You didn't know any spells.
Your spell library contained the following spells:

 Spells                   Type           Power        Failure   Level  Hunger
 Magic Dart               Conj           #...         41%         1    ##.....
 Blink                    Tloc           N/A          54%         2    ###....
 Call Imp                 Summ           #.......     54%         2    ###....
 Slow                     Hex            #.......     54%         2    ###....
 Conjure Flame            Conj/Fire      #.......     78%         3    ####...
 Mephitic Cloud           Conj/Pois/Air  #.......     78%         3    ####...


Dungeon Overview and Level Annotations

Branches:
Dungeon (8/15)             Temple (1/1) D:4           Sewer (visited)
   Lair: D:8-11

Altars:
Ashenzari
Cheibriados
Dithmenos
Elyvilon
Gozag
Hepliaklqana
Makhleb
Nemelex Xobeh
Okawaru
Qazlal
Uskayaw
Vehumet
Xom
Yredelemnul
The Shining One

Annotations:
D:3 1 runed translucent door, Crazy Yiuf
D:5 2 transporters, wyinc's ghost, novice DENe


Innate Abilities, Weirdness & Mutations

You are surrounded by a mild repulsion field. (EV +2)
You regenerate a lot of health from kills.
When hurt, damage is shared between your health and your magic reserves.
You regenerate magic rapidly.


Message History

The orc warrior barely misses you.
You hit the orc warrior. You burn the orc warrior.
You kill the orc warrior!
Okawaru accepts your kill.
You feel your dexterity returning.
The cyclops throws a large rock.
The large rock completely misses you.
Things that are here:
a +0 war axe; a +0 chain mail; an orc corpse The cyclops throws a large rock.
The large rock hits you!!
You see here a large rock.
The cyclops hits you!!
* * * LOW HITPOINT WARNING * * *
You are too injured to fight recklessly!
You are too injured to fight recklessly!
You feel better.
You gain the combat prowess of a mighty hero.
The cyclops hits you!!
* * * LOW HITPOINT WARNING * * *
You feel better. The cyclops hits you!!
You die...

##.##....#<).........##...#
#.##....##..........# #
#.##....+..##..[....#
##.##....##.##.......#
...##....##.##.......#
##.##.>..##.########## #
##.##....##.# ### .#..#
##.##.#####.####.#...#
##........(...)(@C.#
...##.###.#.####.#...#
......# #.#.# ### .#..#
##.##.###.#.# # #
........#'#'###
#...#.#.......#
#...#.#.......#
....#.#.......#
#...........###


You could see a cyclops.

Vanquished Creatures
  Erica (D:8)
  A wyvern (D:5)
  A water moccasin (D:7)
  2 ice beasts (D:8)
  3 orc warriors
  2 ogres
  A centaur (D:6)
  A bullfrog (D:7)
  2 scorpions
  4 wights (D:6)
  2 crimson imps
  A bullfrog zombie (D:5)
  A jelly (D:5)
  A centaur skeleton (D:7)
  6 hounds
  3 bullfrog skeletons
  2 orc priests
  4 orc wizards
  Ijyb (D:3)
  2 iguanas
  A hound skeleton (D:6)
  10 adders
  4 gnolls (D:7)
  A howler monkey skeleton (D:8)
  3 river rats (Sewer)
  2 oozes
  An adder zombie (D:5)
  An adder skeleton (D:5)
  2 worms
  2 dart slugs (D:2)
  7 leopard geckos
  31 orcs
  15 bats
  9 giant cockroaches
  10 goblins
  6 hobgoblins
  9 jackals
  9 kobolds
  2 quokkas
  7 frilled lizards
  20 rats
193 creatures vanquished.

Notes
Turn   | Place    | Note
-------+----------+-------------------------------------------
     0 | D:1      | diana the Demonspawn Gladiator began the quest for the Orb.
     0 | D:1      | Reached XP level 1. HP: 16/16 MP: 1/1
   310 | D:1      | Gained mutation: You regenerate a little health from kills.
                  | [demonic ancestry]
   310 | D:1      | Reached XP level 2. HP: 9/22 MP: 2/2
   789 | D:1      | Reached skill level 1 in Armour
   893 | D:1      | Gained mutation: You regenerate health from kills. [demonic
                  | ancestry]
   893 | D:1      | Reached XP level 3. HP: 28/28 MP: 3/3
  1360 | D:2      | Gained mutation: You regenerate a lot of health from kills.
                  | [demonic ancestry]
  1360 | D:2      | Reached XP level 4. HP: 28/34 MP: 4/4
  1898 | D:3      | Noticed Ijyb
  1912 | D:3      | Killed Ijyb
  2049 | D:3      | Gained mutation: You are surrounded by a mild repulsion
                  | field. (EV +2) [demonic ancestry]
  2049 | D:3      | Reached XP level 5. HP: 41/41 MP: 5/5
  2748 | D:3      | Found a runed translucent door.
  2749 | D:3      | Noticed Crazy Yiuf
  2872 | D:4      | Found a staircase to the Ecumenical Temple.
  3544 | D:4      | Reached XP level 6. HP: 47/47 MP: 6/6
  4057 | D:4      | Got an ancient dagger
  4058 | D:4      | Identified the +6 dagger of Dishonour {vorpal, rElec} (You
                  | found it on level 4 of the Dungeon)
  4310 | D:5      | Entered Level 5 of the Dungeon
  4393 | D:5      | Found a transporter.
  4396 | D:5      | Noticed wyinc's ghost (novice DENe)
  4466 | D:5      | Found a transporter.
  4499 | D:5      | Reached XP level 7. HP: 49/54 MP: 7/7
  4721 | D:5      | Found a glowing drain.
  4744 | Sewer    | Entered a sewer
  5128 | D:5      | Reached skill level 5 in Fighting
  5128 | D:5      | Reached skill level 5 in Long Blades
  5491 | D:5      | Noticed a wyvern
  5499 | D:5      | Killed a wyvern
  5701 | D:6      | Gained mutation: When hurt, damage is shared between your
                  | health and your magic reserves. [demonic ancestry]
  5701 | D:6      | Reached XP level 8. HP: 51/62 MP: 8/8
  5976 | D:6      | Found a glowing golden altar of the Shining One.
  6387 | Temple   | Entered the Ecumenical Temple
  6482 | Temple   | Became a worshipper of Warmaster Okawaru
  6575 | D:6      | HP: 3/64 [orc warrior/+0 battleaxe (8)]
  7000 | D:6      | Reached skill level 5 in Armour
  7543 | D:7      | Found a hazy altar of Hepliaklqana.
  7974 | D:7      | Reached * piety under Okawaru
  8313 | D:8      | Noticed Erica
  8429 | D:8      | Gained mutation: You regenerate magic rapidly. [demonic
                  | ancestry]
  8429 | D:8      | Reached XP level 9. HP: 58/71 MP: 9/9
  8537 | D:8      | Killed Erica
  8537 | D:8      | Reached ** piety under Okawaru
  8603 | D:8      | Noticed a cyclops
  8614 | D:8      | Slain by a cyclops

Illustrated notes

Levels and vault maps discovered:
D:1:      dpeg_arrival_refuge, layout_basic, minmay_misc_feat_hallway,
          minmay_misc_feat_columns, chequers_garden, minmay_misc_feat_enclosed
D:2:      minmay_chambers_of_twos, layout_basic
D:3:      layout_basic, minivault_26, grunt_decor_clamped, uniq_ijyb,
          uniq_crazy_yiuf_cottage
D:4:      cheibrodos_pilgrimage, layout_basic, minmay_temple_entry_mist,
          first_ration
D:5:      layout_basic, gammafunk_ghost_stat_death, portal_sewer_entry_f
D:6:      layout_loops_corners, basic_altar
D:7:      layout_cave_pods, kennysheep_mini_moat
D:8:      minmay_spotlight, layout_basic, gammafunk_ghost_berserking_beasts,
          uniq_gastronok, uniq_grum, uniq_erica
Temple:   roderic_octagonal_lattice_temple

Skill      XL: |  1  2  3  4  5  6  7  8  9 |
---------------+----------------------------+-----
Long Blades    | 3 4 5 6 7 |  7.3
Dodging        | 3 4 |  4.0
Armour         | 1 2 3 4 5 6 |  6.7
Fighting       | 3 4 5 6 7 |  7.7
Throwing       | |  1.7

Action                   |  1- 3 |  4- 6 |  7- 9 || total
-------------------------+-------+-------+-------++-------
Melee: Long sword        |    90 |   219 |       ||   309
       Dagger            |       |    47 |   307 ||   354
       Scimitar          |       |       |     7 ||     7
Throw: Throwing net      |       |       |     2 ||     2
Invok: Heroism           |       |       |     1 ||     1
  Use: Potion            |       |     1 |     7 ||     8
       Scroll            |       |       |     8 ||     8
 Stab: Sleeping          |     1 |       |     5 ||     6
       Invisible         |       |     8 |       ||     8
       Distracted        |       |       |     1 ||     1
       Held in net/web   |       |       |     1 ||     1
  Eat: Chunk             |     2 |    10 |    10 ||    22
       Ration            |       |       |     1 ||     1
Armor: Leather armour    |    19 |    64 |    44 ||   127
Dodge: Dodged            |    78 |   251 |   168 ||   497
       Rpst.: Long sword |    26 |    65 |       ||    91
       Scimitar          |       |       |     2 ||     2
